 Dungeon Crawl Stone Soup version 0.29-a0-993-g4a18f31a58 (webtiles) character file.

Game seed: 5468378726047560581

99 kae the Insei (level 4, -1/35 HPs)
             Began as a Demonspawn Monk on Aug 2, 2022.
             Slain by a sky beast (6 damage)
             ... on level 4 of the Dungeon.
             The game lasted 00:01:39 (3091 turns).

kae the Insei (Demonspawn Monk)                     Turns: 3091, Time: 00:01:39

Health: -1/35      AC: 12    Str: 16    XL:     4   Next: 45%
Magic:  13/13      EV: 11    Int: 11    God:
Gold:   143        SH:  0    Dex: 17    Spells: 3/3 levels left

rFire   . . .      SeeInvis .     - Unarmed
rCold   . . .      Faith    .   (no shield)
rNeg    . . .      Spirit   .   q - +0 chain mail
rPois   .          Reflect  .   (helmet restricted)
rElec   .          Harm     .   (no cloak)
rCorr   .          Rampage  .   o - +0 pair of gloves
Will    .....                   p - +0 pair of boots
Stlth   ..........              A - amulet of the acrobat
HPRegen 0.11/turn               j - ring of Zirghext {MP+9 Str+4}
MPRegen 0.26/turn               E - +4 ring of evasion

@: confused, ambrosia-drunk
A: antennae 1, yellow scales 1, magic regeneration
a: no special abilities


You were on level 4 of the Dungeon.
You visited 1 branch of the dungeon, and saw 4 of its levels.

You collected 143 gold pieces.


Innate Abilities, Weirdness & Mutations

You have a pair of small antennae on your head.
You are partially covered in yellow scales. (AC +2)
You regenerate magic rapidly.


   Skills:
 - Level 3.0 Fighting
 - Level 2.6 Dodging
 - Level 1.7 Stealth
 + Level 4.8 Unarmed Combat


You had 3 spell levels left.
You didn't know any spells.
Your spell library was empty.

Inventory:

Missiles
 h - 9 stones (quivered)
 k - 2 javelins
Armour
 o - a +0 pair of gloves (worn)
   (You found it on level 3 of the Dungeon)
 p - a +0 pair of boots (worn)
   (You found it on level 3 of the Dungeon)
 q - a +0 chain mail (worn)
   (You found it on level 2 of the Dungeon)
Magical Staves
 e - a staff of conjuration {!a}
   (You found it on level 1 of the Dungeon)
Jewellery
 j - the ring of Zirghext (left hand) {MP+9 Str+4}
   (You found it on level 2 of the Dungeon)

   [ring of magical power]

   Str:       It affects your strength (+4).
   MP:        It affects your magic capacity (+9).
 A - an amulet of the acrobat (around neck)
   (You found it on level 2 of the Dungeon)
 E - a +4 ring of evasion (right hand)
   (You found it on level 2 of the Dungeon)
 L - a ring of flight
   (You found it on level 2 of the Dungeon)
 T - an amulet of faith {!P}
   (You found it on level 2 of the Dungeon)
Scrolls
 d - a scroll of teleportation {unknown}
 l - 3 scrolls of identify {unknown}
 n - a scroll of brand weapon {unknown}
Potions
 a - 2 potions of might {unknown}
 c - 3 potions of curing {unknown}
 f - a potion of mutation {unknown}
 g - a potion of cancellation {unknown}
 i - a potion of brilliance {unknown}
 m - a potion of magic {unknown}

Dungeon Overview and Level Annotations

Branches:
Dungeon (4/15) Zot: 20909
 Temple: D:4-7

Altars:

#.# #.# #.# #.# #.# #.#
###.### #.#
......##############.######
##........................#
#......######>##.##.####.#
##..#.#.#####...#{##.#
......†.........@.##.#
.#..#.#.##.##...####..{
.#......##.###.## ....
...##<#.##.# #.# .####
...##.#.##.# #.# #.
..###.#.##.# #.# #. .##
#....... ..# #. .# #### #..
#.# .# #.. ..


There were no monsters in sight!


Message History

😕 HP[-5]
You take 5 damage, and now have 29/35 hp.
There are monsters nearby!
You hit the iguana. You punch the iguana, but do no damage.
The iguana bites you but does no damage.
You hit the iguana.
You kill the iguana!
The quokka bites you but does no damage.
A quokka is nearby!
You closely miss the quokka. The quokka barely misses you.
The quokka closely misses you.
You miss the quokka. The quokka barely misses you. 😕 HP[+1]
A quokka is nearby!
You hit the quokka.
You kill the quokka!
No target in view!
No target in view!
No target in view!
a - 2 fuming coppery potions 😎 HP[+5]
Your hp is fully restored (35).
No target in view!
No target in view!
You sense a monster nearby.
You now have 143 gold pieces (gained 9).
A kobold comes into view. It is wielding a +0 short sword.
You hit the kobold.
You kill the kobold!
No target in view!
Found a stone staircase leading down.
No target in view!
No target in view!
A sky beast comes into view.
A sky beast is nearby!
You closely miss the sky beast.
The sky beast flickers out of sight!
Deactivating autopickup; reactivate with Ctrl-A.
Something hits you but does no damage.
No target in view!
There is a strange disturbance nearby!
No target in view!
No target in view!
There is a strange disturbance nearby!
No target in view!
No target in view!
There is a strange disturbance nearby!
No target in view!
No target in view!
Unknown command.
You hit something but do no damage. Something hits you.
Something shocks you. 😕 HP[-8]
You take 8 damage, and now have 27/35 hp.
MASSIVE DAMAGE!! (PAUSE)
Something hits you but does no damage.
A sky beast appears from thin air!
Reactivating autopickup.
The sky beast attacks as you move away! The sky beast completely misses you.
You punch the sky beast! The sky beast barely misses you.
You hit the sky beast but do no damage. You closely miss the sky beast.
The sky beast closely misses you.
You hit the sky beast. Your punch misses the sky beast.
The sky beast hits you but does no damage.
You hit the sky beast.
The sky beast hits you but does no damage. 😕 HP[+1]
You barely miss the sky beast.
The sky beast hits you but does no damage.
You closely miss the sky beast. The sky beast misses you.
You closely miss the sky beast. The sky beast hits you.
The sky beast shocks you. 😮 HP[-8]
You take 8 damage, and now have 20/35 hp.
MASSIVE DAMAGE!! (PAUSE)
You hit the sky beast.
The sky beast flickers out of sight!
Deactivating autopickup; reactivate with Ctrl-A.
Something hits you but does no damage.
You hit something. Your punch misses something. Something hits you.
* * * LOW HITPOINT WARNING * * *
Something shocks you.
* * * LOW HITPOINT WARNING * * *
😨 HP[-9]
You take 9 damage, and now have 11/35 hp.
MASSIVE DAMAGE!! (PAUSE)
You closely miss something. Something hits you but does no damage.
You barely miss something. You barely miss something.
Something hits you but does no damage.
You barely miss something. Something hits you but does no damage.
You barely miss something.
Something hits you but does no damage. 😨 HP[+1]
You closely miss something. Something hits you.
* * * LOW HITPOINT WARNING * * *
Something shocks you.
* * * LOW HITPOINT WARNING * * *
😱 HP[-9]
You take 9 damage, and now have 3/35 hp.
MASSIVE DAMAGE!! (PAUSE)
You are confused.
You feel invigorated. Something hits you.
* * * LOW HITPOINT WARNING * * *
Something shocks you.
You die...

Skill      XL: |  1  2  3 |
---------------+----------+-----
Unarmed Combat | 3 4 |  4.8
Fighting       | |  3.0
Dodging        | |  2.6
Stealth        | |  1.7

Action                   |  1- 3 |  4- 6 || total
-------------------------+-------+-------++-------
Melee: Unarmed           |   193 |    32 ||   225
       Punch             |     3 |     1 ||     4
  Use: Potion            |       |     1 ||     1
 Stab: Distracted        |     1 |       ||     1
       Sleeping          |     4 |       ||     4
Armor: Robe              |    38 |     1 ||    39
       Chain mail        |       |    12 ||    12
Dodge: Dodged            |   154 |     9 ||   163

Levels and vault maps discovered:
D:1:      dpeg_arrival_long_road, layout_loops_ring,
          shapermc_ecumenical_altar_venn
D:2:      layout_loops_corners, serial_rivers, chequers_serial_rivers_micro_e,
          chequers_serial_rivers_small_3, chequers_serial_rivers_small_b,
          chequers_serial_rivers_micro_b, grunt_ministairs_2,
          serial_bayou_lagoon_a
D:3:      layout_loops_ring
D:4:      layout_loops_ring, dreamdust_princess_bridge, minmay_fractal_squares_5

Notes
Turn   | Place    | Note
-------+----------+-------------------------------------------
     0 | D:1      | kae the Demonspawn Monk began the quest for the Orb.
     0 | D:1      | Reached XP level 1. HP: 18/18 MP: 1/1
     0 | D:1      | magus.rc [v1.11.3]
   150 | D:1      | Reached skill level 3 in Unarmed Combat
   337 | D:1      | Gained mutation: You have a pair of small antennae on your
                  | head. [demonic ancestry]
   337 | D:1      | Reached XP level 2. HP: 17/24 MP: 2/2
   567 | D:1      | Found a faded altar of an unknown god.
   567 | D:1      | You fall into a shaft and drop 1 floor!
  1251 | D:2      | Gained mutation: You are partially covered in yellow
                  | scales. (AC +2) [demonic ancestry]
  1251 | D:2      | Reached XP level 3. HP: 25/29 MP: 3/3
  1419 | D:2      | Identified the ring of Zirghext {MP+9 Str+4}
  1607 | D:2      | Reached skill level 4 in Unarmed Combat
  2519 | D:3      | Gained mutation: You regenerate magic rapidly. [demonic
                  | ancestry]
  2519 | D:3      | Reached XP level 4. HP: 35/35 MP: 4/4
  3064 | D:4      | Noticed a sky beast
  3090 | D:4      | HP: 8/35 [something (4)]
  3090 | D:4      | HP: 3/35 [something (5)]
  3091 | D:4      | Slain by a sky beast

Vanquished Creatures
  An iguana (D:4)
  An adder (D:3)
  2 worms (D:2)
  A dart slug (D:1)
  2 orcs (D:3)
  5 ball pythons
  5 bats
  2 endoplasms (D:2)
  3 giant cockroaches
  5 goblins
  7 hobgoblins
  2 jackals (D:1)
  6 kobolds
  2 quokkas
  2 frilled lizards
  A rat (D:2)
47 creatures vanquished.

Table legend:
 A = Non-vault XP
 B = Vault XP
 C = Vault XP percentage of total XP
 D = Non-vault monster count
 E = Vault monster count
 F = Vault count percentage of total count
                 A         B        C        D         E       F
            +---------+---------+-------+---------+---------+-------
      Total |     138 |       4 |   2.8 |      45 |       2 |   4.3
            +---------+---------+-------+---------+---------+-------
        D:1 |      26 |       0 |   0.0 |      13 |       0 |   0.0
        D:2 |      35 |       4 |  10.3 |      16 |       2 |  11.1
        D:3 |      37 |       0 |   0.0 |      13 |       0 |   0.0
        D:4 |      40 |       0 |   0.0 |       3 |       0 |   0.0
            +---------+---------+-------+---------+---------+-------

Illustrated notes

Table legend:
 A = Kills in this place as a percentage of kills in entire the game.
 B = Kills by you in this place as a percentage of kills by you in the entire game.
 C = Kills by friends in this place as a percentage of kills by friends in the entire game.
 D = Other kills in this place as a percentage of other kills in the entire game.
 E = Experience gained in this place as a percentage of experience gained in the entire game.
 F = Experience gained in this place divided by the number of levels of this place that you have seen.
                   A       B       C       D       E      F
               +-------+-------+-------+-------+-------+----------------------
         Total | 100.0 | 100.0 |   N/A |   N/A | 100.0 |  35.5
       Dungeon | 100.0 | 100.0 |   N/A |   N/A | 100.0 |  35.5
               +-------+-------+-------+-------+-------+----------------------

Table legend: (Time is in decaauts)
 A = Elapsed time spent in this place.
 B = Non-inter-level travel time spent in this place.
 C = Inter-level travel time spent in this place.
 D = Time resting spent in this place.
 E = Time spent auto-exploring this place.
 F = Levels seen in this place.
 G = Mean time per level.
                   A        B        C        D        E       F      G
               +--------+--------+--------+--------+--------+-----+--------+
         Total |   3089 |   2939 |    150 |      0 |   2471 |   4 |  772.2 |
       Dungeon |   3089 |   2939 |    150 |      0 |   2471 |   4 |  772.2 |
               +--------+--------+--------+--------+--------+-----+--------+

Top non-repeatable levels by time:
     D:2: 1527 daAuts
     D:3: 851 daAuts
     D:1: 563 daAuts
     D:4: 146 daAuts
